 Dungeon Crawl Stone Soup version 0.22.0-36-g8e74550 (webtiles) character file.

600 Marcoleric the Slinger (level 7, -13/41 HPs)
             Began as a Halfling Hunter on Aug 24, 2018.
             Shot with a sling bullet by Joseph (20 damage)
             ... on level 7 of the Dungeon.
             The game lasted 00:23:43 (3374 turns).

Marcoleric the Slinger (Halfling Hunter)            Turns: 3374, Time: 00:23:44

Health: -13/41     AC: 13    Str: 15    XL:     7   Next: 69%
Magic:  6/6        EV: 15    Int:  9    God:    Xom [....*.]
Gold:   138        SH:  0    Dex: 19    Spells: 6/6 levels left

rFire    . . .     SeeInvis .   a - +1 hunting sling
rCold    + + .     Gourm    .   (shield restricted)
rNeg     . . .     Faith    .   d - +3 leather armour
rPois    .         Spirit   .   (no helmet)
rElec    .         Reflect  .   (no cloak)
rCorr    .         Harm     .   (no gloves)
MR       .....                  H - +0 pair of boots
Stlth    ++........             (no amulet)
HPRegen  0.13/turn              J - +2 ring of protection
MPRegen  0.10/turn              (no ring)

@: no status effects
A: small, icy blue scales 1, slimy green scales 1, agile 1, cold resistance 2,
frail 1, low mp 1, mutation resistance 1, strong 1, MP-powered wands
a: Renounce Religion


You were on level 7 of the Dungeon.
You worshipped Xom.
You were a beloved toy of Xom.
You were not hungry.

You visited 1 branch of the dungeon, and saw 7 of its levels.

You collected 288 gold pieces.
You spent 150 gold pieces at shops.

Inventory:

Hand Weapons
 a - a +1 hunting sling (weapon)
 b - a +0 short sword
 u - a +0 whip of electrocution
 v - a +3 falchion
 F - a +0 shortbow
 I - a +0 short sword of freezing
Missiles
 g - 30 bolts
 j - 134 stones
 n - 5 needles of sleeping
 w - 8 sling bullets (quivered)
 x - 36 poisoned needles
 G - 19 arrows
Armour
 c - a +1 leather armour
 d - a +3 leather armour (worn)
 i - a +0 leather armour
 H - a +0 pair of boots (worn)
Jewellery
 l - an uncursed ring of protection from magic {unknown}
 q - an uncursed amulet of magic regeneration
 s - an uncursed amulet of rage {unknown}
 J - a +2 ring of protection (left hand)
Scrolls
 h - 3 scrolls of fear
 k - 3 scrolls of blinking
 r - a scroll of remove curse {unknown}
 t - a scroll of fog
 y - a scroll of immolation {unknown}
 E - a scroll of random uselessness {unknown}
Potions
 e - 2 potions of curing {unknown}
 m - 2 potions of heal wounds {unknown}
 o - a potion of brilliance {unknown}
 p - a potion of invisibility {unknown}
 z - a potion of lignification {unknown}
 A - 3 potions of flight {unknown}
 B - a potion of might {unknown}
 C - 2 potions of degeneration {unknown}
 D - a potion of ambrosia {unknown}
Comestibles
 f - 12 rations


   Skills:
 + Level 3.4 Fighting
 + Level 10.6 Slings
 + Level 1.9 Armour
 + Level 2.9 Dodging
 + Level 1.4 Stealth


You had 6 spell levels left.
You didn't know any spells.
Your spell library was empty.

Dungeon Overview and Level Annotations

Branches:
Dungeon (7/15)
 Temple: D:4-7

Altars:
Elyvilon
Xom

Shops:
D:7 =

Annotations:
D:4 1 runed door, HEYYEYAAE's ghost, amateur DgGl
D:7 Joseph


Innate Abilities, Weirdness & Mutations

You are small and have problems with some larger weapons.
You are somewhat resistant to further mutation.
You are partially covered in icy blue scales. (AC +2)
You are partially covered in slimy green scales. (AC +2)
You are agile. (Dex +2)
Your flesh is very cold resistant. (rC++)
You are frail. (-10% HP)
Your magical capacity is low. (-10% MP)
Your muscles are strong. (Str +2)
You expend magic power (3 MP) to strengthen your wands.


Message History

You shoot a sling bullet. The sling bullet hits Joseph.
Joseph is moderately wounded.
Firing (i - inventory. (/) - cycle)
w - 9 sling bullets (quivered)
Press: ? - help, Shift-Dir - straight line, f/p - Joseph
Aim: Joseph, wielding a hunting sling and wearing a leather armour (moderately wounded)
You shoot a sling bullet. The sling bullet hits Joseph!
Joseph is moderately wounded.
Joseph shoots a sling bullet.
The sling bullet hits you!
* * * LOW HITPOINT WARNING * * *
Firing (i - inventory. (/) - cycle)
w - 8 sling bullets (quivered)
Press: ? - help, Shift-Dir - straight line, f/p - Joseph
Aim: Joseph, wielding a hunting sling and wearing a leather armour (moderately wounded)
Okay, then.
Unknown command.
Joseph shoots a sling bullet.
The sling bullet hits you.
* * * LOW HITPOINT WARNING * * *
You see here a sling bullet.
Joseph shoots a sling bullet.
The sling bullet hits you!!
You die...
Xom titters!

.......(.....#
#....###@#..## #.@
##.##.# # #.....##
#......#
######......#
##.†.###.###..#
##∩.∩.###(####.#
#.........@..#.####.
#.∩.∩.....).........
#............##.###.
##...........#
#...........#
#...........#
#############


You could see Joseph.

Vanquished Creatures
  A phantom (D:6)
  An ogre (D:2)
  2 centaurs (D:6)
  A bullfrog (D:7)
  A scorpion (D:4)
  2 gnolls (D:6)
  An adder (D:6)
  3 leopard geckos
  6 orcs
  5 giant cockroaches
  7 goblins
  4 hobgoblins
  20 jackals
  2 kobolds
  3 quokkas
  5 bats
  3 frilled lizards
  11 rats
78 creatures vanquished.

Vanquished Creatures (collateral kills)
  A gnoll sergeant (D:6)
  3 gnolls (D:6)
  An adder zombie (D:6)
5 creatures vanquished.

Vanquished Creatures (others)
  2 orc wizards (D:4)
  An orc (D:4)
3 creatures vanquished.

Grand Total: 86 creatures vanquished

Notes
Turn   | Place    | Note
-------+----------+-------------------------------------------
     0 | D:1      | Marcoleric the Halfling Hunter began the quest for the Orb.
     0 | D:1      | Reached XP level 1. HP: 14/14 MP: 1/1
    68 | D:1      | Reached skill level 6 in Slings
   104 | D:1      | Reached XP level 2. HP: 10/19 MP: 2/2
   558 | D:1      | Reached XP level 3. HP: 24/24 MP: 3/3
   702 | D:1      | Found a shimmering altar of Xom.
   728 | D:1      | Became a worshipper of Xom of Bloodstained Whimsey
  1064 | D:2      | Reached skill level 7 in Slings
  1083 | D:2      | XOM: smoke on damage
  1164 | D:2      | XOM: cloud trail
  1296 | D:2      | Reached skill level 1 in Armour
  1359 | D:2      | Reached XP level 4. HP: 29/29 MP: 4/4
  1363 | D:2      | Found a white marble altar of Elyvilon.
  1494 | D:2      | Noticed an ogre
  1506 | D:2      | Killed an ogre
  1506 | D:2      | Reached skill level 8 in Slings
  1506 | D:2      | Reached XP level 5. HP: 23/35 MP: 5/5
  1585 | D:2      | XOM: cloud trail
  1805 | D:2      | XOM is BORED!
  1905 | D:3      | XOM: polymorph goblin -> jackal
  2219 | D:3      | XOM: give mutations
  2219 | D:3      | Gained mutation: You are partially covered in icy blue scales. (AC +2) [Xom's grace]
  2219 | D:3      | Gained mutation: You expend magic power (3 MP) to strengthen your wands. [Xom's grace]
  2219 | D:3      | Gained mutation: Your muscles are strong. (Str +2) [Xom's grace]
  2364 | D:4      | Found a runed door.
  2364 | D:4      | Noticed HEYYEYAAE's ghost (amateur DgGl)
  2398 | D:4      | Reached XP level 6. HP: 31/41 MP: 6/6
  2490 | D:4      | XOM: god gift: 5 rations
  2574 | D:5      | Entered Level 5 of the Dungeon
  2808 | D:5      | XOM: severe Chrm miscast
  2820 | D:6      | XOM: scenery: create altars
  2849 | D:6      | Gained mutation: You are frail. (-10% HP) [mutagenic glow]
  2852 | D:6      | XOM: summons 6 friendly demons
  2855 | D:6      | Reached skill level 9 in Slings
  2897 | D:6      | Gained mutation: Your magical capacity is low. (-10% MP) [mutagenic glow]
  2937 | D:6      | Noticed a phantom
  2948 | D:6      | XOM: give mutations
  2948 | D:6      | Gained mutation: Your flesh is cold resistant. (rC+) [Xom's grace]
  2948 | D:6      | Gained mutation: Your flesh is very cold resistant. (rC++) [Xom's grace]
  2948 | D:6      | Gained mutation: You are partially covered in slimy green scales. (AC +2) [Xom's grace]
  2948 | D:6      | Gained mutation: You are agile. (Dex +2) [Xom's grace]
  2949 | D:6      | XOM: fake destruction
  2956 | D:6      | Killed a phantom
  2956 | D:6      | Reached XP level 7. HP: 36/41 MP: 6/6
  3053 | D:6      | XOM: cast spell 'Ring of Flames'
  3058 | D:6      | Reached skill level 10 in Slings
  3282 | D:6      | XOM: confusion (+ monsters)
  3283 | D:7      | Found Litz's Jewellery Shoppe.
  3346 | D:7      | Bought a +2 ring of protection for 150 gold pieces
  3360 | D:7      | Noticed Joseph
  3374 | D:7      | Shot with a sling bullet by Joseph

Skill      XL: |  1  2  3  4  5  6  7 |
---------------+----------------------+-----
Slings         | 6 7 8 9 10 | 10.6
Fighting       | 2 3 |  3.4
Armour         | 1 |  1.9
Dodging        | |  2.9
Stealth        | |  1.4

Action                   |  1- 3 |  4- 6 |  7- 9 || total
-------------------------+-------+-------+-------++-------
 Fire: Hunting sling     |   111 |   129 |    41 ||   281
  Use: Scroll            |     6 |     3 |     3 ||    12
  Eat: Ration            |     1 |     2 |       ||     3
Armor: Leather armour    |     6 |    20 |     4 ||    30
Dodge: Dodged            |    36 |    46 |    14 ||    96
